 Dungeon Crawl Stone Soup version 0.19.0-2-gae57169 (webtiles) character file.

377 varam the Shield-Bearer (level 6, -4/37 HPs)
             Began as a Gargoyle Fighter on Nov 3, 2016.
             Killed by divine providence
             ... invoked by an orc priest
              (12 damage)
             ... on level 3 of the Dungeon.
             The game lasted 00:04:11 (2634 turns).

varam the Shield-Bearer (Gargoyle Fighter)          Turns: 2634, Time: 00:04:12

Health: -4/37      AC: 11    Str: 19    XL:     6   Next: 73%
Magic:  6/6        EV:  8    Int:  9    God:
Gold:   52         SH: 10    Dex: 11    Spells: 0 memorised, 5 levels left

rFire  . . .     SeeInvis .     a - +0 flail
rCold  . . .     Gourm    .     b - +0 scale mail
rNeg   + . .     Faith    .     c - +0 shield
rPois  ∞         Spirit   .     (no helmet)
rElec  +         Reflect  .     (no cloak)
rCorr  .         Harm     .     (no gloves)
MR     .....                    (no boots)
Stlth  ..........               (no amulet)
                                (no ring)
                                (no ring)

@: no status effects
A: negative energy resistance 1, electricity resistance, unbreathing,
petrification resistance, rot immunity, AC +4
a: no special abilities


You were on level 3 of the Dungeon.
You were not hungry.

You visited 1 branch of the dungeon, and saw 4 of its levels.

You collected 52 gold pieces.

Inventory:

Hand Weapons
 a - a +0 flail (weapon)
Missiles
 o - a throwing net (quivered)
Armour
 b - a +0 scale mail (worn)
 c - a +0 shield (worn)
Wands
 p - a wand of lightning (5/15)
Scrolls
 e - a scroll of remove curse {unknown}
 g - 3 scrolls of identify {unknown}
 i - 3 scrolls of random uselessness {unknown}
Potions
 d - a potion of might
 k - a potion of mutation {unknown}
 l - a potion of flight {unknown}
 m - a potion of heal wounds {unknown}
 n - 4 potions of ambrosia {unknown}
 q - a potion of cure mutation {unknown}
Comestibles
 f - 2 bread rations
 h - a chunk of flesh
 j - 4 fruits


   Skills:
 - Level 3.2 Fighting
 + Level 4.0 Maces & Flails
 - Level 3.2 Armour
 * Level 7.0 Shields


You had 5 spell levels left.
You didn't know any spells.

Dungeon Overview and Level Annotations

Branches:
Dungeon (4/15)
 Temple: D:4-7

Altars:

Annotations:
D:4 Eustachio


Innate Abilities, Weirdness & Mutations

You are resistant to torment.
Your stone body is resilient. (AC +4)
You are immune to poison.
You resist negative energy. (rN+)
You are resistant to electric shocks. (rElec)
You can survive without breathing.
You are immune to petrification.
You are immune to rotting.


Message History

You kill the goblin!
The orc hits you but does no damage.
You see here a dagger.
The rat bites you but does no damage.
You completely miss the rat. The orc barely misses you.
You block the rat's attack.
Your shield and scale mail prevent you from hitting the rat.
The orc hits you but does no damage. You block the rat's attack.
The orc hits you but does no damage.
You barely miss the rat. You block the rat's attack.
You block the orc's attack. You block the rat's attack.
You hit the rat.
You kill the rat!
You block the orc's attack.
You see here a rat corpse.
A giant cockroach comes into view.
Found a scroll labeled BOIMEXK DAATA.
The orc priest mumbles some strange prayers to Beogh against you.
Beogh smites you!
You die...

##.#...... #.# ######o#......
#.# #...)o.#...... #.#
#o######.. ... #.# #.# #.# ##
#.# #†# #.# #####.# ##.## #?# #
.. .!#.#######
#...#####.####.####.#........
#..#..oo.g.so.@.......#..##.#.#
#.#.#.###o#.##...#....>..##.#.#
#.##.## #.#.##...#.##.##.#.....
# #.. #.......... #.##.#..#.#
.... #.###.........#.......#
..#.. #.. ....#####.#........
#####. ### #.... ..#...#####
#...# ####.## #.


You could see an orc priest, 2 orcs, a giant cockroach and a hobgoblin.

Vanquished Creatures
  Sigmund (D:2)
  The ghost of Chiseanne the Skirmisher, a weakling MiBe of Trog (D:3)
  Natasha (twice) (D:2)
  Ijyb (D:2)
  A gnoll (D:1)
  An adder (D:4)
  An ooze (D:2)
  5 worms (D:2)
  A dart slug (D:1)
  3 leopard geckos
  6 giant cockroaches
  10 goblins
  8 hobgoblins
  4 kobolds
  4 ball pythons (D:1)
  3 bats
  2 frilled lizards
  5 rats
59 creatures vanquished.

Notes
Turn   | Place    | Note
-------+----------+-------------------------------------------
     0 | D:1      | varam the Gargoyle Fighter began the quest for the Orb.
     0 | D:1      | Reached XP level 1. HP: 14/14 MP: 1/1
   109 | D:1      | Reached XP level 2. HP: 13/19 MP: 2/2
   115 | D:1      | Reached skill level 4 in Shields
   591 | D:1      | Reached XP level 3. HP: 23/23 MP: 3/3
  1160 | D:2      | Noticed Ijyb
  1169 | D:2      | Killed Ijyb
  1169 | D:2      | Reached skill level 5 in Shields
  1169 | D:2      | Reached XP level 4. HP: 22/28 MP: 4/4
  1312 | D:2      | Noticed Natasha
  1330 | D:2      | Killed Natasha
  1330 | D:2      | Reached skill level 3 in Maces & Flails
  1333 | D:2      | Reached XP level 5. HP: 21/32 MP: 5/5
  1375 | D:2      | Noticed Sigmund
  1425 | D:3      | Noticed Chiseanne's ghost (weakling MiBe)
  1794 | D:2      | Killed Sigmund
  1794 | D:2      | Reached skill level 6 in Shields
  1794 | D:2      | Reached XP level 6. HP: 37/37 MP: 6/6
  2192 | D:4      | Noticed Eustachio
  2274 | D:2      | Noticed Natasha
  2543 | D:2      | Killed Natasha
  2587 | D:3      | HP: 2/37 [Chiseanne's ghost (4)]
  2588 | D:3      | Killed Chiseanne's ghost
  2588 | D:3      | Reached skill level 4 in Maces & Flails
  2588 | D:3      | Reached skill level 7 in Shields
  2634 | D:3      | Killed from afar by an orc priest

Skill      XL: |  1  2  3  4  5  6 |
---------------+-------------------+-----
Shields        | 4 5 6 7 |  7.0
Maces & Flails | 3 4 |  4.0
Fighting       | |  3.2
Armour         | |  3.2

Action                   |  1- 3 |  4- 6 || total
-------------------------+-------+-------++-------
Melee: Flail             |   139 |   193 ||   332
  Eat: Chunk             |     1 |     4 ||     5
       Bread ration      |       |     1 ||     1
Armor: Scale mail        |    75 |    81 ||   156
Dodge: Dodged            |    43 |    56 ||    99
Block: Shield            |   100 |   125 ||   225
